 Seeded DCSS version 0.31.0-32-g396128a36d (webtiles) character file.

Game seed: 16883790005771389819 (custom seed)

10425 McKennaii the Destroyer (level 11, 0/74 HPs)
             Began as a Demigod Conjurer on Mar 8, 2024.
             Slain by a cane toad (18 damage)
             ... on level 1 of the Lair of Beasts on Mar 9, 2024.
             The game lasted 00:09:50 (10277 turns).

McKennaii the Destroyer (Demigod Conjurer)         Turns: 10277, Time: 00:09:50

Health: 0/74       AC: 12    Str: 14    XL:     11   Next: 14%
Magic:  1/30       EV: 12    Int: 35    God:
Gold:   181        SH:  0    Dex: 12    Spells: 24/31 levels left

rFire   . . .        K - +7 rapier of Sunlight {chaos, Int+3}
rCold   x . .        l - sphere of Battle
rNeg    + . .        R - +2 robe {Will+}
rPois   +            s - +2 helmet
rElec   .            m - +0 cloak
rCorr   .            (no gloves)
SInv    .            (no boots)
Will    ++...        e - amulet of the acrobat
Stlth   ++           D - ring "Fanai" {rPois rC- rN+ AC+4 Str+6}
HPRegen 0.32/turn    u - ring of flight
MPRegen 0.22/turn

%: acrobat
@: flying
A: high MP 1, forlorn, divine attributes
a: no special abilities


You were on level 1 of the Lair of Beasts.
You visited 2 branches of the dungeon, and saw 10 of its levels.
You also visited: Sewer.

You collected 398 gold pieces.
You spent 217 gold pieces at shops.

Inventory:

Hand Weapons
 n - the +6 shillelagh "Devastator" {shatter}
   (You found it on level 2 of the Dungeon)
 K - the +7 rapier of Sunlight (weapon) {chaos, Int+3}
   (You found it on level 6 of the Dungeon)

   Int+3:     It affects your intelligence (+3).
Missiles
 t - a throwing net
Armour
 l - the sphere of Battle (worn)
   (You found it on level 2 of the Dungeon)

   Battle:    It summons a battlesphere in combat, with strength depending on
   Conjurations skill.
   Destructive: It enhances your destructive magic, and weakens non-destructive
   magic.
 m - a +0 cloak (worn)
 s - a +2 helmet (worn)
 R - a +2 robe of willpower (worn)
Jewellery
 e - an amulet of the acrobat (around neck)
 j - a ring of wizardry
 k - a ring of see invisible
 u - a ring of flight (right hand)
 D - the ring "Fanai" (left hand) {rPois rC- rN+ AC+4 Str+6}
   (You bought it in a shop on level 4 of the Dungeon)

   [ring of protection]

   AC+4:      It affects your AC (+4).
   Str+6:     It affects your strength (+6).
   rC-:       It makes you vulnerable to cold.
   rPois:     It protects you from poison rN+: It protects you from negative
   energy.
 H - a ring of poison resistance
 J - a +6 ring of dexterity
 P - a ring of resist corrosion
Wands
 o - a wand of flame (27)
 G - a wand of mindburst (15)
 I - a wand of iceblast (16)
 L - a wand of digging (7)
Scrolls
 c - 2 scrolls of enchant armour {unknown}
 d - 8 scrolls of teleportation {unknown}
 f - 4 scrolls of fog {unknown}
 g - 2 scrolls of silence {unknown}
 h - 7 scrolls of identify {unknown}
 p - 4 scrolls of amnesia {unknown}
 r - a scroll of blinking {unknown}
 w - 2 scrolls of butterflies {unknown}
 x - 3 scrolls of revelation {unknown}
 y - 2 scrolls of brand weapon {unknown}
 E - 2 scrolls of fear {unknown}
 N - a scroll of noise {unknown}
 Q - 2 scrolls of poison {unknown}
Potions
 b - 3 potions of magic
 i - 3 potions of degeneration {unknown}
 q - 4 potions of curing {unknown}
 v - 2 potions of might {unknown}
 z - a potion of cancellation {unknown}
 A - a potion of experience {unknown}
 B - 3 potions of mutation {unknown}
 C - a potion of attraction {unknown}
 F - 2 potions of heal wounds {unknown}
 M - 2 potions of berserk rage {unknown}
 O - a potion of resistance {unknown}


   Skills:
 - Level 1.7 Dodging
 - Level 1.7 Stealth
 + Level 10.9 Spellcasting
 + Level 12.2 Conjurations


You had 24 spell levels left.
You knew the following spells:

 Your Spells              Type           Power      Damage    Failure   Level
a - Magic Dart            Conj           100%       1d8       0%          1
b - Searing Ray           Conj           100%       2d8       1%          2
c - Iskenderun's Mystic   Conj/Tloc      75%        2d15      1%          4

Your spell library contained the following spells:

 Spells                   Type           Power      Damage    Failure   Level
 Flame Wave               Conj/Fire      75%        2d17      1%          4
 Fulminant Prism          Conj/Alch      37%        3d17      1%          4
 Jinxbite                 Hex            18%        N/A       3%          2
 Scorch                   Fire           56%        2d7       3%          2
 Yara's Violent Unravell  Hex/Alch       14%        3d7       54%         5
 Summon Cactus Giant      Summ           4%         N/A       98%         6
 Enfeeble                 Hex            4%         N/A       100%        7


Dungeon Overview and Level Annotations

Branches:
Dungeon (9/15)             Temple (0/1) D:6            Lair (1/5) D:9
  Sewer (visited)
    Orc: D:9-12

Shops:
D:3 (   D:4 ??(*:   D:5 *

Annotations:
D:9 exclusion: orange crystal statue


Innate Abilities, Weirdness & Mutations

You have an increased reservoir of magic. (+10% MP)
You shall have no god before yourself.
Your divine heritage dramatically boosts your attributes as you level up.


Message History

Aiming: Iceblast
Press: ? - help, Shift-Dir - straight line The mass of ice explodes!
The iceblast engulfs the bullfrog!
You kill the bullfrog!
The iceblast engulfs the elephant.
The elephant is almost dead.
You conjure a globe of magical energy.
You hear a bellow!
You hear an angry hiss.
A cane toad comes into view.
The elephant tramples you.
You hold your ground!
The elephant barely misses you.
Unknown command.
Unknown command.
Casting: Iskenderun's Mystic Blast (dangerous; 1% risk of failure)
Confirm with . or Enter, or press ? or * to list all spells.
Aiming: Magic Dart (safe; 0% risk of failure)
Press: ? - help, Shift-Dir - straight line, f - elephant
Aim: an elephant (almost dead, 100% to hit)
You feel a surge of power!
The magic dart hits the elephant but does no damage.
The elephant is almost dead.
Your battlesphere fires!
The barrage of energy hits the cane toad!
The cane toad is moderately wounded.
The elephant tramples you!
* * * LOW HITPOINT WARNING * * *
You hold your ground!
The elephant closely misses you.
A yak comes into view.
Unknown command.
Aiming: Iceblast
Press: ? - help, Shift-Dir - straight line, f - yak, p - elephant
Aim: a yak (heavily wounded)
The mass of ice explodes!
The iceblast engulfs the yak!
The yak is almost dead.
The iceblast engulfs the yak!
You kill the yak!
The iceblast engulfs the elephant!
You kill the elephant!
The cane toad stings you!!
You die...

#........##
#.......#
####.....Y##
....†.....F###
...§..###.YY[###
.....##
###...*##
.....P# ##....##
F....## #.#Y..##
......# ###..@F#
......#
#.##.......
......$ ###
#...... .....
##.... ... .. #


You could see 4 yaks, a cane toad (ally target), a blink frog and a friendly
battlesphere.

Vanquished Creatures
  Erica (D:9)
  A two-headed ogre (D:9)
  3 death yaks (D:9)
  3 elephants (Lair:1)
  A rime drake (Lair:1)
  A troll (D:9)
  Grinder (D:3)
  3 blink frogs (Lair:1)
  Sigmund (D:2)
  A shadow (D:6)
  8 yaks
  A wyvern (D:8)
  Grum (D:9)
  Duvessa (D:7)
  4 water moccasins
  2 laughing skulls (D:9)
  2 orc warriors
  2 sky beasts
  7 wolves
  An ogre (D:7)
  2 centaurs
  2 brain worms (Sewer)
  3 bullfrogs
  A gnoll sergeant (D:6)
  A scorpion (D:5)
  9 wights
  Dowan (D:7)
  A howler monkey (D:9)
  3 lava snakes (D:9)
  A bombardier beetle (D:5)
  A hound (D:7)
  2 jellies
  An orc priest (D:9)
  Crazy Yiuf (D:2)
  2 gnoll boudas
  Terence (D:3)
  3 iguanas
  2 sleepcaps
  8 orc wizards
  Robin (D:3)
  17 gnolls
  3 river rats (Sewer)
  7 adders
  2 ufetubi (D:6)
  3 ribbon worms
  3 dart slugs
  23 orcs
  4 endoplasms
  5 giant cockroaches
  13 goblins
  12 hobgoblins
  4 jackals (D:2)
  4 kobolds
  7 quokkas
  9 ball pythons
  3 bats
  9 frilled lizards
  17 rats
236 creatures vanquished.

Vanquished Creatures (others)
  An orc (D:5)
1 creature vanquished.

Grand Total: 237 creatures vanquished

Notes
Turn   | Place    | Note
-------+----------+-------------------------------------------
     0 | D:1      | McKennaii the Demigod Conjurer began the quest for the Orb.
     0 | D:1      | Reached XP level 1. HP: 14/14 MP: 5/5
   390 | D:1      | Reached XP level 2. HP: 20/20 MP: 2/7
   393 | D:1      | Learned a level 2 spell: Searing Ray
   682 | D:1      | Reached skill level 4 in Conjurations
  1389 | D:1      | Reached XP level 3. HP: 26/26 MP: 7/9
  1817 | D:2      | Found the sphere of Battle
  2294 | D:2      | Identified the +6 sling of Suruiph {speed, rElec rPois}
  2330 | D:2      | Noticed Sigmund
  2508 | D:2      | Killed Sigmund
  2509 | D:2      | Reached skill level 5 in Conjurations
  2509 | D:2      | Reached XP level 4. HP: 33/33 MP: 6/12
  2509 | D:2      | Reached XP level 5. HP: 38/38 MP: 6/13
  2608 | D:2      | Identified the +6 quarterstaff of the Oily God {venom, rC+
                  | Str+3 Int+3}
  2641 | D:2      | Found the +6 shillelagh "Devastator" {shatter}
  2864 | D:2      | Found a runed translucent door.
  2864 | D:2      | Identified the +4 hammer "Dragonslayer" {drain, rElec rN+}
  2866 | D:2      | Noticed Crazy Yiuf
  2880 | D:2      | Killed Crazy Yiuf
  3007 | D:3      | Noticed Grinder
  3007 | D:3      | Paralysed by Grinder for 4 turns
  3016 | D:3      | Killed Grinder
  3017 | D:3      | Reached XP level 6. HP: 45/45 MP: 8/16
  3123 | D:3      | Found Emuffaell's Antique Weapon Shop.
  3126 | D:3      | Reached skill level 6 in Conjurations
  3151 | D:3      | Noticed Terence
  3153 | D:3      | Killed Terence
  3303 | D:3      | Identified the +2 robe "Zajoeq" {+Blink Dex+3 Stlth+}
  3461 | D:3      | Noticed Robin
  3470 | D:3      | Killed Robin
  3562 | D:3      | Reached XP level 7. HP: 50/50 MP: 8/17
  4012 | D:4      | Reached skill level 5 in Spellcasting
  4026 | D:4      | Found Wyikitta's Book Shop.
  4109 | D:4      | Found Ohaishredd's Weapon Emporium.
  4116 | D:4      | Found Ciekown's Magic Scroll Emporium.
  4164 | D:4      | Found a glowing drain.
  4173 | Sewer    | Entered a sewer
  4926 | D:4      | Found Fainges's Assorted Antiques.
  4934 | D:4      | Bought a pink potion for 19 gold pieces
  4934 | D:4      | Bought a scroll labelled GETEREA AMAIJ for 22 gold pieces
  4934 | D:4      | Bought a sparkling platinum ring for 110 gold pieces
  4934 | D:4      | Identified the ring "Fanai" {rPois rC- rN+ AC+4 Str+6} (You
                  | bought it in a shop on level 4 of the Dungeon)
  5180 | D:4      | Found Moreq's Magic Scroll Shop.
  5224 | D:5      | Entered Level 5 of the Dungeon
  5276 | D:5      | Found Baett's Assorted Antiques.
  5281 | D:5      | Bought a scroll labelled GETEREA AMAIJ for 23 gold pieces
  5281 | D:5      | Bought a scroll labelled RISHREO EHIE for 23 gold pieces
  5281 | D:5      | Bought a sedimented white potion for 20 gold pieces
  5346 | D:5      | Reached skill level 7 in Conjurations
  5466 | D:5      | Reached XP level 8. HP: 57/57 MP: 1/20
  5471 | D:5      | Learned a level 4 spell: Iskenderun's Mystic Blast
  6265 | D:6      | Found a staircase to the Ecumenical Temple.
  6539 | D:6      | Reached skill level 8 in Conjurations
  6902 | D:6      | Identified the +7 rapier of Sunlight {chaos, Int+3}
  7205 | D:7      | Noticed Duvessa
  7209 | D:7      | Noticed Dowan
  7214 | D:7      | Killed Duvessa
  7215 | D:7      | Killed Dowan
  7945 | D:8      | Reached XP level 9. HP: 62/62 MP: 22/24
  7952 | D:8      | Reached skill level 9 in Conjurations
  8301 | D:8      | Identified the +0 robe of the Fisher {Rampage rElec rCorr
                  | Stlth-}
  8323 | D:8      | Identified the +11 sling of Qomnium {antimagic, Int+4}
  8482 | D:9      | Noticed Grum
  8494 | D:9      | Killed Grum
  8726 | D:9      | Reached skill level 10 in Conjurations
  8897 | D:9      | Noticed Erica
  8905 | D:9      | Killed Erica
  8948 | D:9      | Noticed a death yak
  8986 | D:9      | Noticed a death yak
  8991 | D:9      | Noticed a death yak
  8997 | D:9      | Killed a death yak
  8998 | D:9      | Reached XP level 10. HP: 69/69 MP: 11/27
  9001 | D:9      | Killed a death yak
  9112 | D:9      | Reached skill level 11 in Conjurations
  9112 | D:9      | Killed a death yak
  9113 | D:9      | Reached skill level 10 in Spellcasting
  9275 | D:9      | Found a staircase to the Lair.
  9451 | D:9      | Noticed a two-headed ogre
  9457 | D:9      | Killed a two-headed ogre
  9809 | D:9      | Noticed an orange crystal statue
 10242 | Lair:1   | Entered Level 1 of the Lair of Beasts
 10242 | Lair:1   | Noticed an elephant
 10242 | Lair:1   | Noticed an elephant
 10242 | Lair:1   | Noticed an elephant
 10250 | Lair:1   | Killed an elephant
 10254 | Lair:1   | Reached skill level 12 in Conjurations
 10254 | Lair:1   | Reached XP level 11. HP: 60/74 MP: 9/30
 10277 | Lair:1   | Slain by a cane toad

Illustrated notes

Levels and vault maps discovered:
D:1:      heliophobic_arrival_battle_scene, layout_basic, chequers_arboretum
D:2:      layout_loops_cross, basic_altar, uniq_crazy_yiuf_cottage, uniq_sigmund
D:3:      layout_basic, nicolae_overflow_hidden_temple, serial_shops, shop,
          hex_large, uniq_terence, uniq_robin, uniq_grinder
D:4:      layout_rooms, nicolae_wu_jian_wuxing_cycle, serial_shops,
          nicolae_shop_statue_plus, nicolae_shop_back_alley_shop, shop,
          nicolae_shop_trees, nicolae_shop_hallway_plus, gup_sewer_entry_bubbles
D:5:      layout_basic, serial_shops, nicolae_diamond_shop,
          lemuel_flamethrower_1
D:6:      layout_rooms, nicolae_dithmenos_through_a_glass_darkly,
          minmay_temple_entry_statues_fountains
D:7:      layout_basic, ashenzari_altar_1, grunt_qazlal_sundering,
          serial_rivers, chequers_serial_rivers_room_a,
          chequers_serial_rivers_small_3, chequers_serial_rivers_small_a,
          chequers_serial_rivers_micro_d, chequers_serial_rivers_marsh,
          minmay_stone_trees_small, uniq_duvessa
D:8:      layout_cave_pools
D:9:      layout_basic, dpeg_lair_monsters, disabler_island, uniq_grum,
          uniq_erica
Lair:1:   layout_cave_pods, minmay_shattered_shrine

Skill      XL: |  1  2  3  4  5  6  7  8  9 10 |
---------------+-------------------------------+-----
Spellcasting   | 2 3 4 6 7 9 10 | 10.9
Conjurations   | 4 5 6 7 8 10 12 | 12.2
Dodging        | |  1.7
Stealth        | |  1.7

Action                     |  1- 3 |  4- 6 |  7- 9 | 10-12 || total
---------------------------+-------+-------+-------+-------++-------
  Melee: Unarmed           |     3 |     5 |       |       ||     8
         Shillelagh        |       |       |     3 |       ||     3
   Cast: Magic Dart        |   105 |    48 |   260 |    58 ||   471
         Searing Ray       |     4 |     1 |    12 |     6 ||    23
         Iskenderun's Myst |       |       |     6 |    12 ||    18
  Evoke: Wand              |       |       |       |     3 ||     3
 Armour: Robe              |     8 |     3 |    29 |    24 ||    64
  Dodge: Dodged            |    12 |       |    38 |    28 ||    78
